 Dungeon Crawl Stone Soup version 0.30-a0-586-g23e55c9e0a (webtiles) character file.

Game seed: 15809941544849589666

43 Bnni the Vexing (level 3, -4/26 HPs)
             Began as a Formicid Hexslinger on Jan 3, 2023.
             Shot with an arrow by a centaur (9 damage)
             ... on level 3 of the Dungeon.
             The game lasted 00:02:42 (1496 turns).

Bnni the Vexing (Formicid Hexslinger)               Turns: 1496, Time: 00:02:43

Health: -4/26      AC:  2    Str: 14    XL:     3   Next: 82%
Magic:  5/5        EV: 12    Int: 14    God:
Gold:   183        SH:  5    Dex: 14    Spells: 0/4 levels left

rFire   . . .      SeeInvis +    a - +1 sling
rCold   . . .      Faith    .    (no shield)
rNeg    . . .      Spirit   .    c - +0 robe
rPois   .          Reflect  +    (helmet unavailable)
rElec   .          Harm     .    (no cloak)
rCorr   .          Rampage  .    (no gloves)
Will    .....                    (no boots)
Stlth   +                        d - amulet of reflection
HPRegen 0.24/turn                (no ring)
MPRegen 0.09/turn                (no ring)

@: invisible
A: permanent stasis, dig shafts and tunnels, antennae 3, four strong arms
a: Dig, Shaft Self


You were on level 3 of the Dungeon.
You visited 1 branch of the dungeon, and saw 3 of its levels.

You collected 183 gold pieces.

Inventory:

Hand Weapons
 a - a +1 sling (weapon)
Missiles
 l - 6 poisoned darts
Armour
 c - a +0 robe (worn)
Jewellery
 d - an amulet of reflection (around neck)
Scrolls
 b - a scroll of poison
 e - a scroll of magic mapping {unknown}
 g - 3 scrolls of teleportation {unknown}
 h - 2 scrolls of identify {unknown}
 i - a scroll of fear {unknown}
 j - a scroll of noise {unknown}
 k - 2 scrolls of vulnerability {unknown}


   Skills:
 + Level 1.5 Fighting
 * Level 2.5 Ranged Weapons
 - Level 1.7 Dodging
 + Level 1.4 Spellcasting
 * Level 4.1 Hexes
 * Level 1.4 Fire Magic


You couldn't memorise any spells.
You knew the following spells:

 Your Spells              Type           Power      Damage    Failure   Level
a - Slow                  Hex            48%        N/A       4%          1
b - Inner Flame           Hex/Fire       8%         N/A       24%         3

Your spell library contained the following spells:

 Spells                   Type           Power      Damage    Failure   Level
 Portal Projectile        Hex/Tloc       12%        N/A       32%         3
 Cause Fear               Hex            6%         N/A       41%         4


Dungeon Overview and Level Annotations

Branches:
Dungeon (3/15)

Altars:


Innate Abilities, Weirdness & Mutations

You cannot be hasted, slowed, berserked, paralysed or teleported.
You can dig through walls and to a lower floor.
You have a pair of large antennae on your head. (SInv)
Your four strong arms can wield two-handed weapons with a shield.


Message History

You climb downwards.
Found a robe, a leather armour, 23 gold pieces and a metallic green potion.
Found a stone staircase leading down.
There is a stone staircase leading up here.
You sense a monster nearby.
Found a spear.
You now have 183 gold pieces (gained 7).
A centaur comes into view.
The centaur shouts!
The centaur wields a +0 shortbow.
The centaur shoots an arrow.
You reflect the arrow off an invisible shield around you!
The arrow hits the centaur!
You shoot a sling bullet.
The sling bullet hits the centaur but does no damage.
The centaur is heavily wounded.
The centaur shoots an arrow.
The arrow hits you!
You shoot a sling bullet. The sling bullet hits the centaur.
The centaur is severely wounded.
The centaur shoots an arrow.
The arrow hits you!
* * * LOW HITPOINT WARNING * * *
You aren't carrying any items that you can evoke.
Unknown command.
Casting: Slow (safe; 4% risk of failure)
Confirm with . or Enter, or press ? or * to list all spells.
Aiming: Slow (safe; 4% risk of failure)
Press: ? - help, Shift-Dir - straight line, f/p - centaur
Aim: a centaur, wielding a +0 shortbow (severely wounded, chance to affect: 46%)
Okay, then.
It was a potion of invisibility.
You fade into invisibility!
The centaur shoots an arrow.
You reflect the arrow off an invisible shield around you!
The arrow hits the centaur but does no damage.
The centaur shoots an arrow.
You reflect the arrow off an invisible shield around you!
The arrow closely misses the centaur.
The centaur shoots an arrow.
The arrow barely misses you.
An endoplasm comes into view.
The centaur shoots an arrow.
The arrow hits you!
You die...

#....... ...
....... ....
#.....#### J...#
#........# .....#
#........#
......##........###
...................
....)..#........###
#.c.@..........##
#.###...........#
#.....<.....#
##...[>.....#
#.[####....$. #...
...... #..## ...#.
#... ...# .. ###


You could see a centaur (unable to see you) and an endoplasm.

Vanquished Creatures
  An adder (D:2)
  3 worms (D:2)
  A dart slug (D:2)
  6 bats
  2 endoplasms (D:2)
  A giant cockroach (D:2)
  A goblin (D:1)
  A kobold (D:2)
  2 quokkas (D:1)
  3 ball pythons
  A frilled lizard (D:2)
  A rat (D:1)
23 creatures vanquished.

Vanquished Creatures (others)
  5 toadstools (D:2)
5 creatures vanquished.

Grand Total: 28 creatures vanquished

Notes
Turn   | Place    | Note
-------+----------+-------------------------------------------
     0 | D:1      | Bnni the Formicid Hexslinger began the quest for the Orb.
     0 | D:1      | Reached XP level 1. HP: 15/15 MP: 2/2
   213 | D:1      | Reached XP level 2. HP: 21/21 MP: 3/3
   448 | D:1      | Found a faded altar of an unknown god.
   883 | D:2      | Reached skill level 1 in Fire Magic
   902 | D:2      | Reached skill level 4 in Hexes
   902 | D:2      | Reached XP level 3. HP: 5/26 MP: 2/5
   906 | D:2      | Learned a level 3 spell: Inner Flame
  1491 | D:3      | Noticed a centaur
  1496 | D:3      | Shot with an arrow by a centaur

Illustrated notes

Levels and vault maps discovered:
D:1:      heliophobic_arrival_dark_side_of_the_moon, layout_loops_ring,
          basic_ecumenical_altar
D:2:      layout_basic, minmay_gold_behind_fungi
D:3:      layout_rooms, regret_index_temple_of_mockery

Skill      XL: |  1  2 |
---------------+-------+-----
Fire Magic     | 1 |  1.4
Hexes          | 4 |  4.1
Fighting       | |  1.5
Ranged Weapons | |  2.5
Dodging        | |  1.7
Spellcasting   | |  1.4

Action                   || total
-------------------------++-------
 Fire: Sling             ||   104
 Cast: Slow              ||     2
  Use: Potion            ||     1
Armor: Robe              ||     3
Dodge: Dodged            ||    18
Block: Other             ||    11
       Reflection        ||     3

Table legend: (Time is in decaauts)
 A = Elapsed time spent in this place.
 B = Non-inter-level travel time spent in this place.
 C = Inter-level travel time spent in this place.
 D = Time resting spent in this place.
 E = Time spent auto-exploring this place.
 F = Levels seen in this place.
 G = Mean time per level.
                   A        B        C        D        E       F      G
               +--------+--------+--------+--------+--------+-----+--------+
         Total |   1524 |   1370 |    154 |     64 |   1088 |   3 |  508.0 |
       Dungeon |   1524 |   1370 |    154 |     64 |   1088 |   3 |  508.0 |
               +--------+--------+--------+--------+--------+-----+--------+

Top non-repeatable levels by time:
     D:1: 803 daAuts
     D:2: 710 daAuts
     D:3: 11 daAuts
